 Dungeon Crawl Stone Soup version 0.26-a0-274-g7ed2249 (webtiles) character file.

224 Billymom2 the Chopper (level 5, -3/48 HPs)
             Began as a Minotaur Berserker on Aug 6, 2018.
             Was a Believer of Trog.
             Slain by Sigmund
             ... wielding a +3 vampiric scythe
              (7 damage)
             ... on level 3 of the Dungeon on July 12, 2020.
             The game lasted 00:15:01 (2397 turns).

Billymom2 the Chopper (Minotaur Berserker)          Turns: 2397, Time: 00:15:01

Health: -3/48      AC:  0    Str: 22    XL:     5   Next: 67%
Magic:  4/4        EV: 13    Int:  4    God:    Trog [**....]
Gold:   65         SH:  0    Dex: 10    Spells: 4/4 levels left

rFire    . . .     SeeInvis .   a - +1 hand axe
rCold    . . .     Faith    .   (no shield)
rNeg     . . .     Spirit   .   (no armour)
rPois    .         Reflect  .   (helmet restricted)
rElec    .         Harm     .   (no cloak)
rCorr    .                      (no gloves)
MR       .....                  (no boots)
Stlth    +.........             (no amulet)
HPRegen  0.16/turn              (no ring)
MPRegen  0.09/turn              (no ring)

@: no status effects
A: retaliatory headbutt, horns 2
a: Berserk, Trog's Hand, Renounce Religion


You were on level 3 of the Dungeon.
You worshipped Trog.
Trog was pleased with you.
You visited 1 branch of the dungeon, and saw 3 of its levels.

You collected 65 gold pieces.

Inventory:

Hand Weapons
 a - a +1 hand axe (weapon)
Missiles
 d - 42 arrows
 i - 7 boomerangs (quivered)
Armour
 b - a +0 animal skin
 g - a +4 ring mail
Scrolls
 j - a scroll of teleportation
 k - a scroll of identify
Potions
 e - a potion of lignification {unknown}
 f - a potion of curing
 h - a potion of heal wounds
 l - a potion of might
 m - a potion of ambrosia {unknown}
Comestibles
 c - 4 removed foods


   Skills:
 + Level 5.0 Fighting
 + Level 5.7 Axes
 + Level 3.5 Armour
 + Level 3.3 Dodging


You had 4 spell levels left.
You didn't know any spells.
Your spell library was empty.

Dungeon Overview and Level Annotations

Branches:
Dungeon (3/15)

Altars:

Annotations:
D:3 Sigmund


Innate Abilities, Weirdness & Mutations

You reflexively headbutt those who attack you in melee.
You have a pair of horns on your head.


Message History

Sigmund casts a spell.
Sigmund flickers and vanishes!
Deactivating autopickup; reactivate with Ctrl-A.
You barely miss something. Something barely misses you.
You hit something. You headbutt something! You hit something.
You hear some strange, mumbled words.
A puff of flame appears from out of thin air!
The puff of flame hits you!
You miss something. Something hits you!
You slash something! Something completely misses you.
You slash something! Your headbutt misses something. You hit something.
Something hits you!
* * * LOW HITPOINT WARNING * * *
You closely miss something. Something hits you!
* * * LOW HITPOINT WARNING * * *
You barely miss something. You hit something. Something barely misses you.
You hit something. Something hits you!
You die...

. #.# #.# . #.# #.#
. ######.###### #.#
..............# #.#
.#######.####.# #.#
.#### #.####.###.#
....# #.##.....#.#
))#.# #.##.#.#.#.#
#.#.####.......{@.#
#†#.#.....#.#.#.###
#.#.#.....#.....#
#)........###.###
#.#.#.....# #.#
..#.#.....# ..#
....###.###. .####
#.# #. .# #.#


There were no monsters in sight!

Vanquished Creatures
  An orc priest (D:3)
  Terence (D:2)
  3 adders
  7 gnolls
  A dart slug (D:2)
  2 leopard geckos
  3 orcs (D:3)
  2 ball pythons (D:1)
  8 bats
  3 giant cockroaches (D:1)
  5 goblins
  3 hobgoblins
  14 jackals
  5 kobolds
  3 frilled lizards
  10 rats
71 creatures vanquished.

Notes
Turn   | Place    | Note
-------+----------+-------------------------------------------
     0 | D:1      | Billymom2 the Minotaur Berserker began the quest for the
                  | Orb.
     0 | D:1      | Reached XP level 1. HP: 19/19 MP: 0/0
    32 | D:1      | Upgraded the game from 0.23-a0-49-gd9f7a49 to
                  | 0.26-a0-249-g7253cd1
    52 | D:1      | Reached XP level 2. HP: 20/27 MP: 1/1
   604 | D:1      | Reached XP level 3. HP: 22/33 MP: 2/2
   711 | D:1      | Reached ** piety under Trog
  1101 | D:2      | Noticed Terence
  1116 | D:2      | Killed Terence
  1116 | D:2      | Reached XP level 4. HP: 27/41 MP: 3/3
  1376 | D:2      | Reached skill level 5 in Axes
  1783 | D:2      | Reached XP level 5. HP: 46/47 MP: 4/4
  2044 | D:2      | Upgraded the game from 0.26-a0-249-g7253cd1 to
                  | 0.26-a0-274-g7ed2249
  2238 | D:3      | Reached skill level 5 in Fighting
  2383 | D:3      | Noticed Sigmund
  2397 | D:3      | Slain by Sigmund

Illustrated notes

Levels and vault maps discovered:
D:1:      dpeg_arrival_tiny_h
D:2:      layout_loops_ring, uniq_terence
D:3:      layout_loops_ring, uniq_sigmund

Skill      XL: |  1  2  3  4  5 |
---------------+----------------+-----
Axes           | 4 5 |  5.7
Fighting       | 4 5 |  5.0
Dodging        | 3 |  3.3
Armour         | 3 |  3.5

Action                   |  1- 3 |  4- 6 || total
-------------------------+-------+-------++-------
Melee: Hand axe          |    59 |    78 ||   137
       Headbutt          |    13 |     9 ||    22
  Use: Potion            |     2 |     1 ||     3
       Scroll            |     5 |       ||     5
  Eat: Removed food      |       |     1 ||     1
Armor: Animal skin       |    14 |       ||    14
       Ring mail         |     8 |    22 ||    30
Dodge: Dodged            |    62 |    54 ||   116

Table legend:
 A = Non-vault XP
 B = Vault XP
 C = Vault XP percentage of total XP
 D = Non-vault monster count
 E = Vault monster count
 F = Vault count percentage of total count
                 A         B        C        D         E       F
            +---------+---------+-------+---------+---------+-------
      Total |     285 |      36 |  11.2 |      70 |       1 |   1.4
            +---------+---------+-------+---------+---------+-------
        D:1 |      49 |       0 |   0.0 |      30 |       0 |   0.0
        D:2 |     123 |      36 |  22.6 |      27 |       1 |   3.6
        D:3 |     113 |       0 |   0.0 |      13 |       0 |   0.0
            +---------+---------+-------+---------+---------+-------
